 Dungeon Crawl Stone Soup version 0.28.0 (webtiles) character file.

Game seed: 2745545231125571624

459 GrayStillPlays the Shield-Bearer (level 7, -3/59 HPs)
             Began as a Gnoll Fighter on Feb 7, 2022.
             Slain by a mummy (6 damage)
             ... in an ossuary.
             The game lasted 00:05:41 (3306 turns).

GrayStillPlays the Shield-Bearer (Gnoll Fighter)    Turns: 3306, Time: 00:05:42

Health: -3/59      AC: 14    Str: 15    XL:     7   Next: 6%
Magic:  19/19      EV:  5    Int:  9    God:
Gold:   86         SH:  5    Dex: 12    Spells: 10/10 levels left

rFire   . . .      SeeInvis .   r - +4 hand axe {axe}
rCold   . . .      Faith    .   c - +0 buckler
rNeg    . . .      Spirit   .   d - +0 plate armour
rPois   .          Reflect  .   h - +0 helmet
rElec   .          Harm     .   (no cloak)
rCorr   .          Rampage  .   (no gloves)
Will    .....                   (no boots)
Stlth   ..........              (no amulet)
HPRegen 0.19/turn               b - ring of magical power
MPRegen 0.16/turn               (no ring)

@: marked
A: fangs 1, strong nose, distributed training
a: no special abilities


You were in an ossuary.
You visited 1 branch of the dungeon, and saw 4 of its levels.
You also visited: Ossuary.

You collected 86 gold pieces.


Innate Abilities, Weirdness & Mutations

You have very sharp teeth.
Your uncanny sense of smell can sniff out nearby items.
Your experience applies equally to all skills.


   Skills:
 + Level 6.9 Fighting
 + Level 2.2 Short Blades
 + Level 2.2 Long Blades
 + Level 5.1 Axes
 + Level 2.2 Maces & Flails
 + Level 2.2 Polearms
 + Level 2.2 Staves
 + Level 2.2 Slings
 + Level 2.2 Bows
 + Level 2.2 Crossbows
 + Level 2.2 Throwing
 + Level 6.9 Armour
 + Level 2.2 Dodging
 + Level 2.2 Stealth
 + Level 6.9 Shields
 + Level 2.2 Unarmed Combat
 + Level 2.2 Spellcasting
 + Level 1.8 Conjurations
 + Level 1.8 Hexes
 + Level 1.8 Summonings
 + Level 1.8 Necromancy
 + Level 1.8 Translocations
 + Level 1.8 Transmutations
 + Level 1.8 Fire Magic
 + Level 1.8 Ice Magic
 + Level 1.8 Air Magic
 + Level 1.8 Earth Magic
 + Level 1.8 Poison Magic
 + Level 2.5 Invocations
 + Level 2.2 Evocations


You had 10 spell levels left.
You didn't know any spells.
Your spell library contained the following spells:

 Spells                   Type           Power      Damage    Failure   Level
 Poisonous Vapours        Pois/Air       8%         N/A       100%        2
 Silence                  Hex/Air        2%         N/A       100%        5

Inventory:

Hand Weapons
 a - a +0 war axe {axe}
 r - a +4 hand axe (weapon) {axe}
   (You took it off an orc on level 3 of the Dungeon)
Missiles
 e - 45 stones (quivered) {throwing}
 g - 84 arrows
Armour
 c - a +0 buckler (worn)
 d - a +0 plate armour (worn)
   (You found it on level 4 of the Dungeon)
 h - a +0 helmet (worn)
   (You found it on level 1 of the Dungeon)
 s - a +0 chain mail
   (You took it off an orc on level 3 of the Dungeon)
Magical Staves
 i - a staff of death {!astaff}
   (You found it on level 1 of the Dungeon)
Jewellery
 b - a ring of magical power (left hand)
   (You found it on level 3 of the Dungeon)
Wands
 p - a wand of flame (21)
   (You found it on level 2 of the Dungeon)
Scrolls
 j - a scroll of enchant armour
 m - a scroll of teleportation {@r4}
 o - a scroll of vulnerability {unknown}
Potions
 f - a potion of heal wounds {unknown}
 n - a potion of magic {unknown}
 q - 2 potions of resistance

Dungeon Overview and Level Annotations

Branches:
Dungeon (4/15)            Ossuary (1/1)
 Temple: D:4-7

Altars:

Annotations:
D:3 1 runed translucent door, Crazy Yiuf

############### #
###########.#M#.#.#.#.#.##!!
##..§.......@MM..^......^....
#...§......^MMZ.......^......
#..M..∩.∩....ZM..............
#...§.....^..................
##..............^^........^..
###########.#.#.#.#.#.#.##??
############### #


You could see 6 mummies, a hobgoblin zombie and a centaur zombie.


Message History

You hit the centaur zombie. You bite the centaur zombie. You hit the mummy.
You hit the centaur zombie.
The centaur zombie hits you but does no damage.
The centaur zombie kicks you but does no damage.
The centaur zombie hits you but does no damage.
You block the centaur zombie's attack.
You hit the centaur zombie.
You destroy the centaur zombie!
You hit the centaur zombie. You hit the mummy. You barely miss the mummy.
The centaur zombie hits you but does no damage.
The centaur zombie kicks you but does no damage.
The mummy hits you!
* * * LOW HITPOINT WARNING * * *
You block the mummy's attack.
You have reached level 7! 😱 HP[-12] MP[+1]
You now have 59 max hp (+6).
You take 12 damage, and now have 13/59 hp.
MASSIVE DAMAGE!! (PAUSE)
Your mp is fully restored (19).
The centaur zombie hits you but does no damage.
The centaur zombie kicks you but does no damage.
The mummy drops a net on you.
You become entangled in the net!
The mummy hits you but does no damage.
You see here a throwing net {=f!fthrowing}. 😱 HP[+1]
You tear a large gash into the net.
The mummy hits you but does no damage.
You struggle against the net.
The mummy hits you!
* * * LOW HITPOINT WARNING * * *
The mummy hits you but does no damage. x2 😱 HP[-9]
You take 9 damage, and now have 5/59 hp.
You rip the net and break free!
The mummy barely misses you. The mummy closely misses you.
The mummy barely misses you.
You feel better. The mummy hits you but does no damage.
You block the mummy's attack. 😱 HP[+9]
You regained 9 hp, and now have 14/59 hp.
The hobgoblin zombie hits you but does no damage. 😨 HP[+1]
The hobgoblin zombie sets off the alarm!
The alarm trap emits a blaring wail!
The mark upon you grows brighter.
Really walk into that net trap? [Y]es or [N]o only, please.
Really walk into that net trap? [Y]es or [N]o only, please.
Really walk into that net trap?
Okay, then.
You block the hobgoblin zombie's attack.
You block the mummy's attack. The mummy hits you.
* * * LOW HITPOINT WARNING * * *
😱 HP[-6]
You take 6 damage, and now have 9/59 hp. 😱 HP[+1]
The mummy drops a net on you.
You become entangled in the net!
The centaur zombie hits you.
* * * LOW HITPOINT WARNING * * *
The centaur zombie kicks you but does no damage.
You see here a throwing net {=f!fthrowing}. 😱 HP[-1]
You take 1 damage, and now have 9/59 hp.
You struggle against the net.
The centaur zombie hits you.
* * * LOW HITPOINT WARNING * * *
The centaur zombie kicks you but does no damage. 😱 HP[-4]
You take 4 damage, and now have 5/59 hp.
You struggle against the net.
The centaur zombie hits you but does no damage.
The centaur zombie kicks you but does no damage.
You struggle against the net.
The centaur zombie hits you but does no damage.
The centaur zombie kicks you but does no damage.
The mummy barely misses you. 😱 HP[+1]
You rip the net and break free!
The mummy drops a net on you.
You become entangled in the net!
You feel better. 😨 HP[+10]
You regained 10 hp, and now have 16/59 hp.
You struggle against the net.
The mummy hits you but does no damage.
You struggle against the net.
The hobgoblin zombie hits you but does no damage.
The mummy hits you!
* * * LOW HITPOINT WARNING * * *
😱 HP[-11]
You take 11 damage, and now have 5/59 hp.
You struggle against the net.
The hobgoblin zombie barely misses you. The mummy hits you but does no damage.
The mummy hits you.
* * * LOW HITPOINT WARNING * * *
😱 HP[-2]
You take 2 damage, and now have 3/59 hp.
You rip the net and break free!
The mummy hits you.
You die...

Skill      XL: |  1  2  3  4  5 |
---------------+----------------+-----
Invocations    | 1 2 |  2.5
Short Blades   | 1 2 |  2.2
Long Blades    | 1 2 |  2.2
Maces & Flails | 1 2 |  2.2
Polearms       | 1 2 |  2.2
Staves         | 1 2 |  2.2
Slings         | 1 2 |  2.2
Bows           | 1 2 |  2.2
Crossbows      | 1 2 |  2.2
Throwing       | 1 2 |  2.2
Dodging        | 1 2 |  2.2
Stealth        | 1 2 |  2.2
Unarmed Combat | 1 2 |  2.2
Spellcasting   | 1 2 |  2.2
Evocations     | 1 2 |  2.2
Conjurations   | 1 |  1.8
Hexes          | 1 |  1.8
Summonings     | 1 |  1.8
Necromancy     | 1 |  1.8
Translocations | 1 |  1.8
Transmutations | 1 |  1.8
Fire Magic     | 1 |  1.8
Ice Magic      | 1 |  1.8
Air Magic      | 1 |  1.8
Earth Magic    | 1 |  1.8
Poison Magic   | 1 |  1.8
Axes           | 5 |  5.1
Fighting       | |  6.9
Armour         | |  6.9
Shields        | |  6.9

Action                   |  1- 3 |  4- 6 |  7- 9 || total
-------------------------+-------+-------+-------++-------
Melee: War axe           |   113 |    48 |       ||   161
       Bite              |     7 |    16 |       ||    23
       Hand axe          |       |    69 |       ||    69
  Use: Potion            |       |     1 |     2 ||     3
       Scroll            |       |     4 |       ||     4
Armor: Scale mail        |    70 |    32 |       ||   102
       Chain mail        |       |    22 |       ||    22
       Plate armour      |       |    51 |    17 ||    68
Dodge: Dodged            |    56 |    36 |     5 ||    97
Block: Buckler           |    21 |    45 |     3 ||    69

Levels and vault maps discovered:
D:1:      evilmike_arrival_rings, layout_basic, serial_bayou,
          serial_bayou_pond_d, serial_bayou_pond_d, serial_bayou_pond_c,
          serial_bayou_lagoon_a, serial_bayou_pond_e
D:2:      layout_rooms, nicolae_ecumenical_oubliette
D:3:      layout_loops_ring, st_stairs_8, uniq_grinder, uniq_crazy_yiuf_cottage
D:4:      layout_basic, enter_ossuary_2
Ossuary:  ossuary_the_hunt_dpeg

Notes
Turn   | Place    | Note
-------+----------+-------------------------------------------
     0 | D:1      | GrayStillPlays the Gnoll Fighter began the quest for the
                  | Orb.
     0 | D:1      | Reached XP level 1. HP: 23/23 MP: 1/1
     0 | D:1      | magus.rc [v1.9.6]
   360 | D:1      | Reached XP level 2. HP: 28/29 MP: 2/2
  1063 | D:2      | Reached XP level 3. HP: 35/35 MP: 3/3
  1298 | D:2      | Reached skill level 1 in Invocations
  1356 | D:2      | Reached skill level 1 in Short Blades
  1356 | D:2      | Reached skill level 1 in Long Blades
  1356 | D:2      | Reached skill level 1 in Maces & Flails
  1356 | D:2      | Reached skill level 1 in Polearms
  1356 | D:2      | Reached skill level 1 in Staves
  1356 | D:2      | Reached skill level 1 in Slings
  1356 | D:2      | Reached skill level 1 in Bows
  1356 | D:2      | Reached skill level 1 in Crossbows
  1356 | D:2      | Reached skill level 1 in Throwing
  1356 | D:2      | Reached skill level 1 in Dodging
  1356 | D:2      | Reached skill level 1 in Stealth
  1356 | D:2      | Reached skill level 1 in Unarmed Combat
  1356 | D:2      | Reached skill level 1 in Spellcasting
  1356 | D:2      | Reached skill level 1 in Evocations
  1363 | D:2      | You add the spells Poisonous Vapours and Silence to your
                  | library.
  1363 | D:2      | Got the Almanac of Flying Enchantment
  1513 | D:2      | Found a faded altar of an unknown god.
  1727 | D:3      | Reached XP level 4. HP: 41/41 MP: 5/5
  1790 | D:3      | Found a runed translucent door.
  1791 | D:3      | Noticed Crazy Yiuf
  1914 | D:3      | HP: 9/41 [something (2)]
  1933 | D:3      | Reached skill level 1 in Conjurations
  1933 | D:3      | Reached skill level 1 in Hexes
  1933 | D:3      | Reached skill level 1 in Summonings
  1933 | D:3      | Reached skill level 1 in Necromancy
  1933 | D:3      | Reached skill level 1 in Translocations
  1933 | D:3      | Reached skill level 1 in Transmutations
  1933 | D:3      | Reached skill level 1 in Fire Magic
  1933 | D:3      | Reached skill level 1 in Ice Magic
  1933 | D:3      | Reached skill level 1 in Air Magic
  1933 | D:3      | Reached skill level 1 in Earth Magic
  1933 | D:3      | Reached skill level 1 in Poison Magic
  1944 | D:3      | HP: 8/41 [worm (5)]
  1947 | D:3      | Reached XP level 5. HP: 9/47 MP: 6/6
  2489 | D:3      | Noticed Grinder
  2492 | D:3      | Paralysed by Grinder for 4 turns
  2506 | D:3      | Paralysed by Grinder for 2 turns
  2509 | D:3      | Killed Grinder
  2510 | D:3      | Reached skill level 2 in Short Blades
  2510 | D:3      | Reached skill level 2 in Long Blades
  2510 | D:3      | Reached skill level 5 in Axes
  2510 | D:3      | Reached skill level 2 in Maces & Flails
  2510 | D:3      | Reached skill level 2 in Polearms
  2510 | D:3      | Reached skill level 2 in Staves
  2510 | D:3      | Reached skill level 2 in Slings
  2510 | D:3      | Reached skill level 2 in Bows
  2510 | D:3      | Reached skill level 2 in Crossbows
  2510 | D:3      | Reached skill level 2 in Throwing
  2510 | D:3      | Reached skill level 2 in Dodging
  2510 | D:3      | Reached skill level 2 in Stealth
  2510 | D:3      | Reached skill level 2 in Unarmed Combat
  2510 | D:3      | Reached skill level 2 in Spellcasting
  2510 | D:3      | Reached skill level 2 in Invocations
  2510 | D:3      | Reached skill level 2 in Evocations
  2510 | D:3      | Reached XP level 6. HP: 43/53 MP: 7/9
  3100 | D:4      | Found a sand-covered staircase.
  3255 | Ossuary  | Entered an ossuary
  3283 | Ossuary  | HP: 12/53 [mummy (13)]
  3284 | Ossuary  | Reached XP level 7. HP: 13/59 MP: 10/10
  3286 | Ossuary  | HP: 5/59 [mummy (9)]
  3293 | Ossuary  | HP: 9/59 [mummy (6)]
  3298 | Ossuary  | HP: 5/59 [centaur zombie (4)]
  3304 | Ossuary  | HP: 5/59 [mummy (11)]
  3306 | Ossuary  | Slain by a mummy

Vanquished Creatures
  Grinder (D:3)
  A scorpion (D:4)
  2 centaur zombies (Ossuary)
  An orc wizard (D:3)
  3 adders
  4 worms (D:3)
  3 dart slugs
  5 orcs
  4 ball pythons
  4 bats
  6 endoplasms
  6 giant cockroaches
  7 hobgoblins
  4 jackals (D:1)
  3 kobolds
  A quokka (D:3)
  2 frilled lizards
  A goblin (D:2)
  4 hobgoblin zombies (Ossuary)
  3 rats
65 creatures vanquished.

Vanquished Creatures (others)
  A plant (D:1)
1 creature vanquished.

Grand Total: 66 creatures vanquished

Table legend:
 A = Non-vault XP
 B = Vault XP
 C = Vault XP percentage of total XP
 D = Non-vault monster count
 E = Vault monster count
 F = Vault count percentage of total count
                 A         B        C        D         E       F
            +---------+---------+-------+---------+---------+-------
      Total |     280 |     376 |  57.3 |      57 |       8 |  12.3
            +---------+---------+-------+---------+---------+-------
        D:1 |      33 |       0 |   0.0 |      16 |       0 |   0.0
        D:2 |      43 |       0 |   0.0 |      18 |       0 |   0.0
        D:3 |     111 |     283 |  71.8 |      20 |       2 |   9.1
        D:4 |      93 |       0 |   0.0 |       3 |       0 |   0.0
    Ossuary |       0 |      93 | 100.0 |       0 |       6 | 100.0
            +---------+---------+-------+---------+---------+-------

Illustrated notes

Table legend:
 A = Kills in this place as a percentage of kills in entire the game.
 B = Kills by you in this place as a percentage of kills by you in the entire game.
 C = Kills by friends in this place as a percentage of kills by friends in the entire game.
 D = Other kills in this place as a percentage of other kills in the entire game.
 E = Experience gained in this place as a percentage of experience gained in the entire game.
 F = Experience gained in this place divided by the number of levels of this place that you have seen.
                   A       B       C       D       E      F
               +-------+-------+-------+-------+-------+----------------------
         Total | 100.0 | 100.0 |   N/A |   N/A | 100.0 | 131.2
       Dungeon |  90.8 |  90.8 |   N/A |   N/A |  85.8 | 140.8
       Ossuary |   9.2 |   9.2 |   N/A |   N/A |  14.2 |  93.0
               +-------+-------+-------+-------+-------+----------------------

Table legend: (Time is in decaauts)
 A = Elapsed time spent in this place.
 B = Non-inter-level travel time spent in this place.
 C = Inter-level travel time spent in this place.
 D = Time resting spent in this place.
 E = Time spent auto-exploring this place.
 F = Levels seen in this place.
 G = Mean time per level.
                   A        B        C        D        E       F      G
               +--------+--------+--------+--------+--------+-----+--------+
         Total |   3382 |   3136 |    246 |    138 |   2405 |   5 |  676.4 |
       Dungeon |   3329 |   3083 |    246 |    138 |   2405 |   4 |  832.2 |
       Ossuary |     52 |     52 |      0 |      0 |      0 |   1 |   52.0 |
               +--------+--------+--------+--------+--------+-----+--------+

Top non-repeatable levels by time:
     D:3: 1360 daAuts
     D:1: 1084 daAuts
     D:2: 688 daAuts
     D:4: 196 daAuts
 Ossuary: 52 daAuts
